 Dungeon Crawl Stone Soup version 0.29.1-2-gbd0b4ee654 (webtiles) character file.

Game seed: 4393034378105252598

1372 fleeber the Digger (level 8, -12/45 HPs)
             Began as a Gargoyle Earth Elementalist on Nov 5, 2022.
             Was a Follower of Vehumet.
             Killed from afar by Maggie (18 damage)
             ... with a bolt of fire
             ... on level 6 of the Dungeon.
             The game lasted 00:36:39 (6806 turns).

fleeber the Digger (Gargoyle Earth Elementalist)    Turns: 6806, Time: 00:36:39

Health: -12/45     AC: 10    Str: 12    XL:     8   Next: 65%
Magic:  2/16       EV: 15    Int: 18    God:    Vehumet [*.....]
Gold:   359        SH:  0    Dex: 10    Spells: 14/18 levels left

rFire   . . .      SeeInvis .   A - +2 flail (drain)
rCold   . . .      Faith    .   (no shield)
rNeg    + + .      Spirit   .   a - +0 robe
rPois   ∞          Reflect  .   s - +0 helmet
rElec   +          Harm     .   (no cloak)
rCorr   .          Rampage  .   f - +0 pair of gloves
Will    .....                   z - +0 pair of boots
Stlth   ++........              (no amulet)
HPRegen 0.15/turn               g - ring of positive energy
MPRegen 0.15/turn               u - +4 ring of evasion

@: about to teleport, mesmerised
A: sickness immunity, AC +5, negative energy resistance 1, electricity
resistance, torment resistance 1, petrification resistance
a: Renounce Religion


You were on level 6 of the Dungeon.
You worshipped Vehumet.
Vehumet was aware of your devotion.
You visited 2 branches of the dungeon, and saw 7 of its levels.

You collected 359 gold pieces.

Inventory:

Hand Weapons
 A - a +2 flail of draining (weapon)
Missiles
 v - 33 stones
Armour
 a - a +0 robe (worn)
 f - a +0 pair of gloves (worn)
 s - a +0 helmet (worn)
 z - a +0 pair of boots (worn)
Jewellery
 g - a ring of positive energy (left hand)
 l - a ring of fire
 u - a +4 ring of evasion (right hand)
Scrolls
 d - a scroll of enchant armour
 e - a scroll of teleportation
 i - a scroll of poison {unknown}
 j - 3 scrolls of torment
 m - 2 scrolls of blinking {unknown}
 o - a scroll of summoning {unknown}
 r - 4 scrolls of identify
 y - 2 scrolls of fear {unknown}
Potions
 b - 2 potions of magic
 c - 2 potions of attraction {unknown}
 h - a potion of mutation {unknown}
 k - a potion of lignification {unknown}
 n - 4 potions of curing {unknown}
 p - 2 potions of flight {unknown}
 q - 2 potions of ambrosia {unknown}
 t - a potion of haste {unknown}
 w - 3 potions of heal wounds {unknown}
 x - a potion of degeneration {unknown}


   Skills:
 + Level 2.4 Fighting
 + Level 1.1 Maces & Flails
 - Level 1.5 Dodging
 - Level 2.1 Stealth
 + Level 5.6 Spellcasting
 + Level 5.7 Conjurations
 - Level 0.7 Transmutations
 + Level 7.8 Earth Magic


You had 14 spell levels left.
You knew the following spells:

 Your Spells              Type           Power      Damage    Failure   Level
a - Sandblast             Erth           66%        2d15      1%          1
b - Stone Arrow           Conj/Erth      58%        3d10      2%          3

Your spell library contained the following spells:

 Spells                   Type           Power      Damage    Failure   Level
 Freeze                   Ice            20%        1d4       12%         1
 Passwall                 Tmut/Erth      16%        N/A       3%          2
 Slow                     Hex            20%        N/A       12%         1
 Petrify                  Tmut/Erth      20%        N/A       22%         4
 Confusing Touch          Hex            5%         N/A       36%         3
 Inner Flame              Hex/Fire       5%         N/A       36%         3
 Vampiric Draining        Necr           5%         2d6       36%         3
 Cause Fear               Hex            2%         N/A       77%         4
 Discord                  Hex            2%         N/A       100%        8


Dungeon Overview and Level Annotations

Branches:
Dungeon (6/15)             Temple (1/1) D:4

Altars:
Ashenzari
Cheibriados
Dithmenos
Elyvilon
Fedhas
Gozag
Hepliaklqana
Kikubaaqudgha
Makhleb
Nemelex Xobeh
Okawaru
Qazlal
Ru
Sif Muna
Trog
Uskayaw
Vehumet
Wu Jian
Xom
Yredelemnul
The Shining One

Shops:
D:2 *

Annotations:
D:5 2 transporters, qeuew's ghost, amateur HuHu
D:6 Maggie


Innate Abilities, Weirdness & Mutations

You are immune to sickness and miasma.
Your stone body is resilient. (AC +5)
You are immune to poison.
You resist negative energy. (rN+)
You are resistant to electric shocks. (rElec)
You are resistant to unholy torment.
You are immune to petrification.


Message History

Press: ? - help, Q - select action, (/) - cycle Shift-Dir - straight line, f/p - Maggie
Aim: Maggie, wielding a +0 morningstar and wearing +1 acid dragon scales (moderately wounded, mesmerising, 71% to hit)
The stone arrow misses Maggie.
Aiming: Stone Arrow (dangerous; 2% risk of failure)
Press: ? - help, Q - select action, (/) - cycle Shift-Dir - straight line, f/p - Maggie
Aim: Maggie, wielding a +0 morningstar and wearing +1 acid dragon scales (moderately wounded, mesmerising, 71% to hit)
The stone arrow misses Maggie.
Maggie hits you with a +0 morningstar!
Aiming: Stone Arrow (dangerous; 2% risk of failure)
Press: ? - help, Q - select action, (/) - cycle Shift-Dir - straight line, f/p - Maggie
Aim: Maggie, wielding a +0 morningstar and wearing +1 acid dragon scales (moderately wounded, mesmerising, 71% to hit)
The stone arrow hits Maggie.
Maggie is moderately wounded.
Maggie hits you with a +0 morningstar.
You don't have enough magic to cast this spell.
You don't have enough magic to cast this spell.
You hit Maggie but do no damage. You punch Maggie, but do no damage.
Maggie is moderately wounded.
Maggie closely misses you.
You hit Maggie. You drain Maggie.
Maggie is heavily wounded.
Maggie hits you with a +0 morningstar. Maggie barely misses you.
You barely miss Maggie.
Maggie is heavily wounded.
Maggie gestures at you while chanting. The bolt of fire hits you!
* * * LOW HITPOINT WARNING * * *
You barely miss Maggie.
Maggie is heavily wounded.
Maggie hits you with a +0 morningstar.
* * * LOW HITPOINT WARNING * * *
You closely miss Maggie.
Maggie is heavily wounded.
Maggie says, "Have you seen any dragons?"
Maggie closely misses you. Maggie misses you.
As you read the scroll of teleportation, it crumbles to dust.
You feel strangely unstable. Maggie gestures at you while chanting.
The bolt of fire hits you!!
You die...

... ..# #.# ##.# ### ..#
#######..
.#.###.#.......#.##
......<........=..
#...####.##.#....##### .. #
#@@...###.##. #.
####............ #.
#....#...####... #.
#†##.#.### #... #. #
###.##...# #...####.
###.#...############.#..##.
............# #....#....##.
............# #.#........#.
............###.#..##.##.#.


You could see Maggie (mesmerising, drained).

Vanquished Creatures
  Edmund (D:5)
  2 water moccasins
  An ice beast (D:5)
  A black bear (D:5)
  A centaur (D:5)
  A phantom (D:5)
  A kobold brigand (D:5)
  2 necrophages (D:4)
  2 scorpions
  A jelly (D:5)
  A hound (D:5)
  Terence (D:2)
  3 iguanas
  8 adders
  4 gnolls (D:4)
  3 white imps
  2 ufetubi
  2 worms (D:3)
  3 dart slugs
  5 orcs
  6 ball pythons
  7 endoplasms
  3 giant cockroaches
  3 goblins (D:1)
  6 hobgoblins (D:1)
  3 jackals (D:1)
  22 kobolds
  A quokka (D:5)
  6 bats
  2 frilled lizards
  3 rats
107 creatures vanquished.

Vanquished Creatures (others)
  A kobold (D:1)
  57 plants (D:5)
58 creatures vanquished.

Grand Total: 165 creatures vanquished

Notes
Turn   | Place    | Note
-------+----------+-------------------------------------------
     0 | D:1      | fleeber the Gargoyle Earth Elementalist began the quest for
                  | the Orb.
     0 | D:1      | Reached XP level 1. HP: 10/10 MP: 3/3
   205 | D:1      | Reached skill level 4 in Earth Magic
   205 | D:1      | Reached XP level 2. HP: 15/15 MP: 3/5
   676 | D:1      | Reached XP level 3. HP: 19/19 MP: 3/6
   725 | D:1      | Learned a level 3 spell: Stone Arrow
  1129 | D:2      | Found Faits's General Store.
  1588 | D:2      | Reached skill level 1 in Conjurations
  1675 | D:2      | You fall into a shaft and drop 1 floor!
  2213 | D:2      | Noticed Terence
  2229 | D:2      | Killed Terence
  2230 | D:2      | Reached XP level 4. HP: 18/24 MP: 1/8
  2781 | D:3      | Reached skill level 5 in Earth Magic
  2782 | D:3      | Reached XP level 5. HP: 28/28 MP: 6/9
  3080 | D:4      | Noticed a black bear
  3211 | D:4      | Reached XP level 6. HP: 27/32 MP: 6/11
  3410 | D:4      | Found a staircase to the Ecumenical Temple.
  3437 | Temple   | Entered the Ecumenical Temple
  3485 | Temple   | Became a worshipper of Vehumet
  3730 | D:5      | Entered Level 5 of the Dungeon
  3773 | D:5      | Noticed a black bear
  3861 | D:5      | Reached skill level 6 in Earth Magic
  3995 | D:5      | Found a transporter.
  3997 | D:5      | Noticed qeuew's ghost (amateur HuHu)
  4043 | D:5      | Noticed an ice beast
  4051 | D:5      | Killed an ice beast
  4052 | D:5      | Reached XP level 7. HP: 23/36 MP: 2/13
  4178 | D:5      | Found a transporter.
  4932 | D:5      | Reached * piety under Vehumet
  4932 | D:5      | Offered knowledge of Freeze by Vehumet.
  5218 | D:5      | Noticed Edmund
  5307 | D:5      | Reached skill level 5 in Spellcasting
  5307 | D:5      | Reached skill level 7 in Earth Magic
  5358 | D:5      | Reached skill level 5 in Conjurations
  5358 | D:5      | Reached XP level 8. HP: 39/41 MP: 0/15
  5771 | D:5      | Found a white marble altar of Elyvilon.
  5771 | D:5      | Found a hazy altar of Hepliaklqana.
  5873 | D:5      | Reached skill level 1 in Fighting
  6167 | D:5      | Killed Edmund
  6729 | D:6      | Reached skill level 1 in Maces & Flails
  6794 | D:6      | Noticed Maggie
  6806 | D:6      | Killed from afar by Maggie

Illustrated notes

Levels and vault maps discovered:
D:1:      amcnicky_arrival_feature_with_door, layout_rooms, chequers_jeans,
          nrook_campfire, minmay_bisected
D:2:      layout_loops_corners, serial_shops,
          nicolae_shop_competitors_out_of_business, serial_park_tiny_1,
          uniq_terence
D:3:      layout_rooms
D:4:      layout_basic, temple_green
D:5:      kennysheep_kobold_camp, layout_basic, jmf_multi_god_temple,
          gammafunk_ghost_mausoleum, enter_ossuary_3, uniq_edmund
D:6:      layout_basic, uniq_maggie
Temple:   hellmonk_temple_of_storms

Skill      XL: |  1  2  3  4  5  6  7  8 |
---------------+-------------------------+-----
Earth Magic    | 4 5 6 7 |  7.8
Conjurations   | 1 2 3 5 |  5.7
Spellcasting   | 3 4 5 |  5.6
Fighting       | 2 |  2.4
Maces & Flails | 1 |  1.1
Dodging        | |  1.5
Stealth        | |  2.1
Transmutations | |  0.7

Action                   |  1- 3 |  4- 6 |  7- 9 || total
-------------------------+-------+-------+-------++-------
Melee: Unarmed           |    14 |       |       ||    14
       Dagger            |       |       |     2 ||     2
       Flail             |       |       |     8 ||     8
       Punch             |       |       |     1 ||     1
 Cast: Sandblast         |    60 |    61 |       ||   121
       Stone Arrow       |       |     2 |    78 ||    80
  Use: Scroll            |     3 |     2 |     1 ||     6
Armor: Robe              |    22 |    14 |     6 ||    42
Dodge: Dodged            |    24 |    44 |    36 ||   104
